AoeStats
← Chad

Highland

505133616Analyzed
2v2 RM · 23d ago on Sep 8, 2026· 12m 33s· 4 players
Game mode
Random Map
Map size
Medium (4 player)
Population
200
Speed
Normal
Resources
Standard
Victory
Conquest
Starting age
Dark Age
Ending age
Imperial Age
RankedLock teamsTeams togetherTeam positionsShared explorationLock speedFull tech treeHidden civsTurbo modeCheats
Victory
Defeat
🇨🇱 Mapuche · Chile
743
+16
🇧🇷 Vietnamese · Brazil
700
+18
🇨🇦 Franks · Canada
744
-31
🇺🇸 Britons · United States
744
-31
patitocarlos
6:37 Loom
7:14 Loom
12:46 Feudal Age
RAFAOalexandre
11:02 Feudal Age
11:28 Double-Bit Axe
11:36 Loom
12:32 Man-at-Arms
The Jelqer
11:33 Feudal Age
12:49 Wheelbarrow
12:03 Double-Bit Axe
Chad
11:58 Feudal Age
Connection lost

Rejoining the realm…

Still unreachable

The connection could not be restored.

Session expired

The server has moved on; the page needs a fresh start.